 Dungeon Crawl Stone Soup version 0.31-a0-848-gaac375c287 (webtiles) character file.

Game seed: 10070618595625484648

301 pokeman the Magician (level 6, 0/34 HPs)
             Began as a Deep Elf Hedge Wizard on Oct 5, 2023.
             Slain by a kobold
             ... wielding a +0 short sword
              (4 damage)
             ... while paralysed by Grinder
             ... on level 4 of the Dungeon.
             The game lasted 00:05:54 (4543 turns).

pokeman the Magician (Deep Elf Hedge Wizard)        Turns: 4543, Time: 00:05:55

Health: 0/34       AC:  4    Str: 13    XL:     6   Next: 14%
Magic:  13/17      EV:  2    Int: 21    God:
Gold:   210        SH:  0    Dex: 14    Spells: 10/18 levels left

rFire   . . .        o - +0 dagger (elec)
rCold   . . .        (no shield)
rNeg    . . .        b - +0 robe
rPois   .            c - +0 hat
rElec   .            a - +0 cloak
rCorr   .            h - +0 pair of gloves
SInv    .            (no boots)
Will    .....        (no amulet)
Stlth   ++           i - +6 ring of strength
HPRegen 0.25/turn    (no ring)
MPRegen 0.15/turn

%: no passive effects
@: paralysed
A: no striking features
a: no special abilities


You were on level 4 of the Dungeon.
You visited 1 branch of the dungeon, and saw 4 of its levels.

You collected 210 gold pieces.

Inventory:

Hand Weapons
 o - a +0 dagger of electrocution (weapon)
Missiles
 v - 6 curare-tipped darts
Armour
 a - a +0 cloak (worn)
 b - a +0 robe (worn)
 c - a +0 hat (worn)
 g - a +0 buckler
 h - a +0 pair of gloves (worn)
Magical Staves
 r - a staff of death
Jewellery
 i - a +6 ring of strength (left hand)
 l - an amulet of guardian spirit
Wands
 t - a wand of flame (22)
 w - a wand of charming (7)
Scrolls
 e - a scroll of poison {unknown}
 k - a scroll of identify {unknown}
 m - a scroll of teleportation {unknown}
 q - 2 scrolls of vulnerability {unknown}
 s - a scroll of brand weapon {unknown}
 u - a scroll of enchant armour {unknown}
Potions
 d - 3 potions of magic
 f - 5 potions of heal wounds {unknown}
 j - a potion of might {unknown}
 n - a potion of attraction {unknown}
 p - a potion of curing {unknown}


   Skills:
 - Level 1.0 Fighting
 - Level 1.0 Armour
 - Level 3.0 Dodging
 - Level 3.0 Stealth
 - Level 1.0 Shields
 * Level 6.8 Spellcasting
 + Level 3.1 Conjurations
 - Level 1.1 Summonings
 - Level 1.2 Necromancy
 - Level 1.1 Translocations
 + Level 0.2 Air Magic
 + Level 0.3 Poison Magic
 + Level 0.3 Evocations


You had 10 spell levels left.
You knew the following spells:

 Your Spells              Type           Power      Damage    Failure   Level
a - Magic Dart            Conj           80%        1d7       2%          1
b - Mephitic Cloud        Conj/Pois/Air  12%        N/A       16%         3
c - Call Imp              Summ           22%        N/A       9%          2
d - Blink                 Tloc           22%        N/A       9%          2

Your spell library contained the following spells:

 Spells                   Type           Power      Damage    Failure   Level
 Necrotise                Necr           48%        1d6       5%          1
 Momentum Strike          Conj/Tloc      32%        3d8       5%          2
 Slow                     Hex            28%        N/A       9%          1
 Lesser Beckoning         Tloc           22%        N/A       9%          2
 Cigotuvi's Dreadful Rot  Necr/Pois/Air  18%        N/A       11%         2


Dungeon Overview and Level Annotations

Branches:
Dungeon (4/15)
 Temple: D:4-7

Altars:

Shops:
D:3 :

Annotations:
D:4 Grinder


Message History

Your cerulean imp closely misses Grinder.
You hit Grinder but do no damage.
Grinder is moderately wounded.
Grinder hits you.
You writhe in agony.
The kobold barely misses you.
Your cerulean imp barely misses Grinder.
You closely miss Grinder.
Grinder is moderately wounded.
Grinder barely misses you. The kobold misses you.
Your cerulean imp hits Grinder but does no damage.
You hit Grinder.
Grinder is moderately wounded.
Grinder hits you but does no damage. The kobold misses you.
Your cerulean imp hits Grinder with a -3 spear.
You hit Grinder but do no damage.
Grinder is moderately wounded.
Grinder misses you. The kobold closely misses you.
Your cerulean imp closely misses Grinder.
You hit Grinder.
Grinder is moderately wounded.
Grinder closely misses you.
The kobold hits you with a +0 short sword.
Your cerulean imp hits Grinder but does no damage.
You closely miss Grinder.
Grinder is moderately wounded.
Grinder barely misses you. The kobold misses you.
Your cerulean imp hits Grinder with a -3 spear.
You hit Grinder but do no damage.
Grinder is moderately wounded.
Grinder gestures at you.
You suddenly lose the ability to move!
The kobold hits you but does no damage.
Your cerulean imp closely misses Grinder.
Grinder hits you!
The kobold hits you with a +0 short sword.
Your cerulean imp hits Grinder with a -3 spear.
Grinder hits you.
* * * LOW HITPOINT WARNING * * *
You writhe in agony.
* * * LOW HITPOINT WARNING * * *
The kobold hits you with a +0 short sword.
You die...

#.....#....#......#.
#.....#.#####.....#.
#.....#.####.###.#..
#.....#.#.#.....###.
#........)#..)...#.#
###.#.##..#.)...#...
#.....####......#.[.
#.....# ##.....#
#..@5.# .###.#...
#.K5..# .. ###..
###.#.# #.. ##
#....# #.. #....#
... #....###..
#....# #...S.
#......


You could see Grinder (ally target), a ball python, a kobold and a friendly
cerulean imp (summoned).

Vanquished Creatures
  A scorpion (D:4)
  2 hounds (D:4)
  Natasha (thrice) (D:3)
  3 adders
  3 worms (D:2)
  2 dart slugs
  5 ball pythons
  7 endoplasms
  2 giant cockroaches
  8 goblins
  7 hobgoblins
  4 jackals
  8 kobolds
  3 quokkas
  2 bats (D:2)
  A frilled lizard (D:3)
  4 rats
65 creatures vanquished.

Notes
Turn   | Place    | Note
-------+----------+-------------------------------------------
     0 | D:1      | pokeman the Deep Elf Hedge Wizard began the quest for the
                  | Orb.
     0 | D:1      | Reached XP level 1. HP: 10/10 MP: 7/7
   362 | D:1      | Reached XP level 2. HP: 9/15 MP: 6/9
  1109 | D:2      | Reached skill level 5 in Spellcasting
  1292 | D:2      | Reached XP level 3. HP: 20/20 MP: 6/11
  1303 | D:2      | Learned a level 3 spell: Mephitic Cloud
  1306 | D:2      | Learned a level 2 spell: Call Imp
  1309 | D:2      | Learned a level 2 spell: Blink
  1776 | D:2      | Found a faded altar of an unknown god.
  1807 | D:2      | Got a quivering book
  1846 | D:2      | Reached skill level 1 in Fighting
  2069 | D:2      | Reached skill level 1 in Armour
  2632 | D:3      | Reached XP level 4. HP: 25/25 MP: 4/13
  2946 | D:3      | Found Nifin's Vocational Training.
  2969 | D:3      | Noticed Natasha
  2975 | D:3      | Killed Natasha
  3452 | D:3      | Noticed Natasha
  3464 | D:3      | Killed Natasha
  3716 | D:3      | Noticed Natasha
  3723 | D:3      | Killed Natasha
  3724 | D:3      | Reached skill level 6 in Spellcasting
  3724 | D:3      | Reached XP level 5. HP: 29/29 MP: 10/15
  3774 | D:4      | Reached skill level 1 in Shields
  3938 | D:4      | Reached skill level 1 in Necromancy
  4049 | D:4      | Reached XP level 6. HP: 34/34 MP: 12/17
  4522 | D:4      | Noticed Grinder
  4527 | D:4      | Paralysed by Grinder for 2 turns
  4541 | D:4      | Paralysed by Grinder for 4 turns
  4543 | D:4      | Slain by a kobold

Illustrated notes

Levels and vault maps discovered:
D:1:      grunt_arrival_crossed_arrows, layout_basic, serial_forest,
          infiniplex_forest_lined_corner, infiniplex_forest_lined_4_way,
          infiniplex_forest_lined_room_3, infiniplex_forest_lined_2
D:2:      layout_basic, shapermc_ecumenical_altar_rom_forum, minmay_distorted
D:3:      layout_basic, nicolae_shop_vocational, uniq_natasha
D:4:      nicolae_BIG_FREAKIN_CUBE, layout_basic, uniq_grinder

Skill      XL: |  1  2  3  4  5 |
---------------+----------------+-----
Spellcasting   | 5 6 |  6.8
Fighting       | 1 |  1.0
Conjurations   | 2 3 |  3.1
Armour         | 1 |  1.0
Dodging        | 3 |  3.0
Shields        | 1 |  1.0
Stealth        | 3 |  3.0
Necromancy     | 1 |  1.2
Summonings     | |  1.1
Translocations | |  1.1
Air Magic      | |  0.2
Poison Magic   | |  0.3
Evocations     | |  0.3

Action                     |  1- 3 |  4- 6 || total
---------------------------+-------+-------++-------
  Melee: Dagger            |    22 |    21 ||    43
   Cast: Magic Dart        |   121 |    68 ||   189
         Mephitic Cloud    |     1 |     3 ||     4
         Call Imp          |       |     1 ||     1
   Stab: Confused          |     2 |     2 ||     4
 Armour: Robe              |    35 |    21 ||    56
  Dodge: Dodged            |    34 |    28 ||    62

Table legend: (Time is in decaauts)
 A = Elapsed time spent in this place.
 B = Non-inter-level travel time spent in this place.
 C = Inter-level travel time spent in this place.
 D = Time resting spent in this place.
 E = Time spent auto-exploring this place.
 F = Levels seen in this place.
 G = Mean time per level.
                   A        B        C        D        E       F      G
               +--------+--------+--------+--------+--------+-----+--------+
         Total |   4541 |   4403 |    138 |      0 |   3960 |   4 | 1135.2 |
       Dungeon |   4541 |   4403 |    138 |      0 |   3960 |   4 | 1135.2 |
               +--------+--------+--------+--------+--------+-----+--------+

Top non-repeatable levels by time:
     D:2: 1492 daAuts
     D:3: 1203 daAuts
     D:1: 1067 daAuts
     D:4: 777 daAuts
